 Dungeon Crawl Stone Soup version 0.19.0-16-g73b5abf (webtiles) character file.

469 dobroeutro the Chopper (level 6, 0/55 HPs)
             Began as a Minotaur Berserker on Nov 10, 2016.
             Was a Priest of Trog.
             Slain by Grinder (4 damage)
             ... on level 4 of the Dungeon.
             The game lasted 00:03:53 (2502 turns).

dobroeutro the Chopper (Minotaur Berserker)         Turns: 2502, Time: 00:03:54

Health: 0/55       AC:  9    Str: 23    XL:     6   Next: 82%
Magic:  5/5        EV: 11    Int:  9    God:    Trog [***...]
Gold:   147        SH:  0    Dex: 10    Spells: 0 memorised, 5 levels left

rFire  . . .     SeeInvis .     a - +0 hand axe
rCold  . . .     Gourm    .     x - +0 scale mail
rNeg   . . .     Faith    +     (no shield)
rPois  .         Spirit   .     (helmet restricted)
rElec  .         Reflect  .     q - +0 cloak
rCorr  .         Harm     .     (no gloves)
MR     .....                    t - +0 pair of boots
Stlth  ..........               v - amulet of faith
                                (no ring)
                                (no ring)

@: brilliant, exhausted, flying
A: retaliatory headbutt, horns 2
a: Berserk, Trog's Hand, Burn Spellbooks, Renounce Religion


You were on level 4 of the Dungeon.
You worshipped Trog.
Trog was most pleased with you.
You were hungry.

You visited 1 branch of the dungeon, and saw 4 of its levels.

You collected 147 gold pieces.

Inventory:

Hand Weapons
 a - a +0 hand axe (weapon)
Armour
 i - a +0 large shield
 q - a +0 cloak (worn)
 t - a +0 pair of boots (worn)
 x - a +0 scale mail (worn)
Jewellery
 v - an amulet of faith (around neck)
Scrolls
 d - a scroll of identify
 e - a scroll of remove curse
 f - a scroll of noise {unknown}
 l - 3 scrolls of teleportation {unknown}
 m - 2 scrolls of blinking {unknown}
 n - a scroll of magic mapping {unknown}
 u - a scroll of fear {unknown}
Potions
 k - a potion of curing
 o - a potion of agility
Books
 p - a book of Misfortune

   Spells                             Type                      Level
   a - Confusing Touch                Hexes                        1
   b - Confuse                        Hexes                        3
   c - Gell's Gravitas                Hexes/Translocation          3
   d - Petrify                        Transmutation/Earth          4
   e - Metabolic Englaciation         Hexes/Ice                    5
   f - Yara's Violent Unravelling     Hexes/Transmutation          5
   Trog disapproves of the use of such an item.
Comestibles
 c - 5 bread rations
 j - a meat ration
 w - 2 chunks of flesh


   Skills:
 + Level 4.9 Fighting
 * Level 6.4 Axes
 + Level 3.9 Armour
 + Level 3.8 Dodging
 + Level 3.1 Shields


You had 5 spell levels left.
You didn't know any spells.

Dungeon Overview and Level Annotations

Branches:
Dungeon (4/15)
 Temple: D:4-7

Altars:
Sif Muna

Annotations:
D:3 exclusion: door
D:4 Grinder


Innate Abilities, Weirdness & Mutations

You reflexively headbutt those who attack you in melee.
You have a pair of horns on your head.


Message History

Grinder is moderately wounded.
Grinder closely misses you.
You slash Grinder!
Grinder is heavily wounded.
Grinder hits you.
* * * LOW HITPOINT WARNING * * *
You hit Grinder. You headbutt Grinder, but do no damage.
Grinder is heavily wounded.
Grinder hits you but does no damage.
You hit Grinder.
Grinder is severely wounded.
You closely miss Grinder.
Grinder is severely wounded.
Grinder misses you.
You closely miss Grinder.
Grinder is severely wounded.
Grinder hits you!
* * * LOW HITPOINT WARNING * * *
You writhe in agony.
You die...

#######
......
#....#
#....#
#....#
#....#
#.5..#
######.@..#
.....(....#
########'##
#.## #..#
##.# #.#
#.# #.##


You could see Grinder.

Vanquished Creatures
  The ghost of dobroeutro the Cleaver, an amateur MiBe of Trog (D:4)
  2 orc priests
  An orc wizard (D:3)
  Jessica (D:2)
  Robin (D:2)
  5 adders
  A worm (D:3)
  A dart slug (D:2)
  7 orcs
  A ball python (D:2)
  5 giant cockroaches
  14 goblins
  9 hobgoblins
  9 jackals
  4 bats
  10 frilled lizards
  3 kobolds (D:1)
  10 rats
85 creatures vanquished.

Notes
Turn   | Place    | Note
-------+----------+-------------------------------------------
     0 | D:1      | dobroeutro the Minotaur Berserker began the quest for the Orb.
     0 | D:1      | Reached XP level 1. HP: 19/19 MP: 0/0
    71 | D:1      | Reached skill level 4 in Axes
   110 | D:1      | Reached XP level 2. HP: 17/26 MP: 1/1
   703 | D:1      | Reached XP level 3. HP: 33/33 MP: 2/2
   777 | D:2      | Noticed Jessica
   782 | D:2      | Killed Jessica
   782 | D:2      | Reached ** piety under Trog
   782 | D:2      | Reached skill level 1 in Shields
   783 | D:2      | Reached XP level 4. HP: 32/40 MP: 3/3
  1012 | D:2      | Noticed Robin
  1012 | D:2      | Reached skill level 5 in Axes
  1020 | D:2      | Killed Robin
  1371 | D:2      | Reached XP level 5. HP: 45/47 MP: 4/4
  1512 | D:3      | Found a deep blue altar of Sif Muna.
  1599 | D:3      | Reached *** piety under Trog
  2360 | D:4      | Noticed dobroeutro's ghost (amateur MiBe)
  2370 | D:4      | Killed dobroeutro's ghost
  2370 | D:4      | Reached skill level 6 in Axes
  2370 | D:4      | Reached XP level 6. HP: 55/55 MP: 5/5
  2468 | D:4      | Noticed Grinder
  2470 | D:4      | Paralysed by Grinder for 7 turns
  2482 | D:4      | Paralysed by Grinder for 5 turns
  2489 | D:4      | Paralysed by Grinder for 5 turns
  2502 | D:4      | Slain by Grinder

Skill      XL: |  1  2  3  4  5 |
---------------+----------------+-----
Axes           | 4 5 6 |  6.4
Fighting       | 4 |  4.9
Shields        | 1 2 3 |  3.1
Armour         | 3 |  3.9
Dodging        | 3 |  3.8

Action                   |  1- 3 |  4- 6 || total
-------------------------+-------+-------++-------
Melee: Hand axe          |    78 |   137 ||   215
       Headbutt          |     8 |    18 ||    26
Invok: Berserk           |       |     3 ||     3
  Use: Scroll            |       |     2 ||     2
       Potion            |       |     5 ||     5
 Stab: Sleeping          |       |     2 ||     2
  Eat: Chunk             |       |     7 ||     7
Armor: Animal skin       |    16 |    22 ||    38
       Scale mail        |       |     5 ||     5
Dodge: Dodged            |    35 |    61 ||    96
Block: Large shield      |    19 |       ||    19
